 Dungeon Crawl Stone Soup version 0.29.0-4-gdea44cf6ec (webtiles) character file.

Game seed: 7066277838040317800

55 qw the Chopper (level 3, -1/21 HPs)
             Began as a Tengu Warper on Aug 28, 2022.
             Shot with a sling bullet by a goblin (3 damage)
             ... led by Robin
             ... on level 2 of the Dungeon.
             The game lasted 00:00:07 (1668 turns).

qw the Chopper (Tengu Warper)                       Turns: 1668, Time: 00:00:08

Health: -1/21      AC: 11    Str: 13    XL:     3   Next: 93%
Magic:  7/7        EV:  3    Int: 13    God:
Gold:   74         SH:  0    Dex: 13    Spells: 6/6 levels left

rFire   + . .      SeeInvis .   Y - +1 hand axe
rCold   + . .      Faith    .   (no shield)
rNeg    . . .      Spirit   .   h - +0 plate armour
rPois   .          Reflect  .   (helmet restricted)
rElec   .          Harm     .   (no cloak)
rCorr   .          Rampage  .   j - +0 pair of gloves
Will    .....                   (boots unavailable)
Stlth   ..........              (no amulet)
HPRegen 0.07/turn               (no ring)
MPRegen 0.10/turn               (no ring)

@: no status effects
A: beak, talons 3, horns 1, cold resistance 1, fire resistance 1
a: no special abilities


You were on level 2 of the Dungeon.
You visited 1 branch of the dungeon, and saw 2 of its levels.

You collected 74 gold pieces.


Innate Abilities, Weirdness & Mutations

You have a beak for a mouth.
You have claws for feet.
You have a pair of small horns on your head.
Your flesh is cold resistant. (rC+)
Your flesh is heat resistant. (rF+)


   Skills:
 - Level 2.0 Fighting
 + Level 4.1 Axes
 - Level 1.0 Throwing
 - Level 2.0 Armour
 - Level 2.1 Dodging
 - Level 2.0 Spellcasting
 - Level 2.4 Translocations


You had 6 spell levels left.
You didn't know any spells.
Your spell library contained the following spells:

 Spells                   Type           Power      Damage    Failure   Level
 Blink                    Tloc           14%        N/A       100%        2
 Gell's Gravitas          Tloc           7%         N/A       100%        3
 Lesser Beckoning         Tloc           7%         N/A       100%        3
 Teleport Other           Tloc           7%         N/A       100%        3
 Manifold Assault         Tloc           7%         N/A       100%        5

Inventory:

Hand Weapons
 g - a +0 flail
 Y - a +1 hand axe (weapon)
Armour
 d - an orb of guile
 h - a +0 plate armour (worn)
 j - a +0 pair of gloves (worn)
Jewellery
 c - a +6 ring of dexterity
Scrolls
 a - a scroll of identify
 b - a scroll of teleportation {unknown}
Potions
 e - a potion of curing {unknown}

Dungeon Overview and Level Annotations

Branches:
Dungeon (2/15)

Altars:
Elyvilon


Message History

The goblin hits you with a +0 club. The goblin hits you but does no damage.
The goblin hits you with a +0 club.
A goblin comes into view. It is wielding a +0 club.
The goblin hits you but does no damage. The goblin hits you with a +0 club.
You closely miss the goblin.
You headbutt the goblin, but do no damage.
Your peck misses the goblin.
The goblin is moderately wounded.
You hit the goblin. x2; You hit the hobgoblin.
You kill the hobgoblin!
The bat hits you but does no damage. x2
A hobgoblin comes into view.
The goblin hits you but does no damage. The goblin hits you with a +0 club.
The goblin hits you but does no damage.
Your Armour skill increases to level 2!
You hit the goblin.
You kill the goblin!
You closely miss the bat. You closely miss the goblin.
You hit the goblin but do no damage. The bat hits you but does no damage.
The goblin hits you but does no damage. x2
You slash the goblin!
You kill the goblin!
You hit the goblin. You miss the goblin. The bat barely misses you.
The goblin hits you but does no damage. x2
You hit the goblin.
You kill the goblin!
You hit the goblin.
The bat hits you but does no damage. x2; The goblin hits you but does no damage.
The bat hits you but does no damage.
You hit the goblin.
You kill the goblin!
You barely miss the bat. You hit the goblin.
The bat hits you but does no damage. The goblin hits you but does no damage.
You hit the bat.
You kill the bat!
You hit the goblin.
You kill the goblin!
The goblin unwields a +0 club.
The goblin wields a +0 sling.
The goblin shoots a sling bullet.
The sling bullet hits you.
You die...

..#####.#####.....'....
## #.#...#.....##...
..#...#.########.##
.#####...# #.# ..# ###.#
#.## #)# #.# #.## # #.#
#.# #.##
##..#.##)#####.######.##
.....g)@.[..............
###..g)).)%###.#########
...........# #.#
.........!.# #..
.....$....## ####
.......#+## ....##. #.##
#.


You could see a hobgoblin and a goblin.

Vanquished Creatures
  Robin (D:2)
  An adder (D:2)
  A dart slug (D:1)
  4 endoplasms
  A giant cockroach (D:1)
  6 goblins (D:2)
  7 hobgoblins
  2 ball pythons (D:2)
  2 bats
  2 frilled lizards (D:1)
  4 kobolds
  2 rats (D:1)
33 creatures vanquished.

Notes
Turn   | Place    | Note
-------+----------+-------------------------------------------
     0 | D:1      | qw the Tengu Warper began the quest for the Orb.
     0 | D:1      | Reached XP level 1. HP: 12/12 MP: 4/4
     0 | D:1      | 0 ||| qw: Version: 0.1-a-89-g26bdef1
     0 | D:1      | 0 ||| qw: Game counter: 932
     0 | D:1      | 0 ||| qw: Always use a shield: true
     0 | D:1      | 0 ||| qw: God list: Okawaru
     0 | D:1      | 0 ||| qw: Allow faded altars: false
     0 | D:1      | 0 ||| qw: Do Orc after D:15 true
     0 | D:1      | 0 ||| qw: Do second Lair branch before Depths: true
     0 | D:1      | 0 ||| qw: Lair rune preference: random
     0 | D:1      | 0 ||| qw: Plans: Normal
     0 | D:1      | 0 ||| PLANNING D:1-11
   179 | D:1      | Reached skill level 3 in Axes
   179 | D:1      | Reached XP level 2. HP: 17/17 MP: 6/6
   183 | D:1      | 183 ||| Stepping ~*~*~tactically~*~*~ (hiding).
   285 | D:1      | 285 ||| Stepping ~*~*~tactically~*~*~ (hiding).
   387 | D:1      | 387 ||| Stepping ~*~*~tactically~*~*~ (hiding).
   505 | D:1      | 505 ||| Stepping ~*~*~tactically~*~*~ (stealth).
   513 | D:1      | 513 ||| Stepping ~*~*~tactically~*~*~ (stealth).
   515 | D:1      | 515 ||| Stepping ~*~*~tactically~*~*~ (stealth).
   517 | D:1      | 517 ||| Stepping ~*~*~tactically~*~*~ (stealth).
  1140 | D:1      | 1140 ||| UPGRADING to +0 plate armour.
  1150 | D:1      | 1150 ||| DROPPING +0 leather armour.
  1151 | D:1      | 1151 ||| UPGRADING to +0 pair of gloves.
  1156 | D:1      | 1156 ||| READING 2 scrolls labelled GYPLAH JESM.
  1157 | D:1      | 1157 ||| READING scroll labelled VOOGECV IQIWN.
  1258 | D:1      | 1258 ||| READING scroll labelled XACREV GAVIJ.
  1259 | D:1      | 1259 ||| DRINKING 2 purple potions.
  1260 | D:1      | 1260 ||| DRINKING 2 fuming yellow potions.
  1260 | D:1      | Gained mutation: You do not regenerate when monsters are
                  | visible. [potion of mutation]
  1260 | D:1      | Gained mutation: You have a pair of small horns on your
                  | head. [potion of mutation]
  1261 | D:1      | 1261 ||| DRINKING potion of mutation.
  1261 | D:1      | Lost mutation: You have a pair of small horns on your head.
                  | [potion of mutation]
  1261 | D:1      | Lost mutation: You do not regenerate when monsters are
                  | visible. [potion of mutation]
  1261 | D:1      | Gained mutation: Your flesh is heat resistant. (rF+)
                  | [potion of mutation]
  1261 | D:1      | Gained mutation: Your flesh is cold resistant. (rC+)
                  | [potion of mutation]
  1261 | D:1      | Gained mutation: You have a pair of small horns on your
                  | head. [potion of mutation]
  1262 | D:1      | 1262 ||| DRINKING 2 clear potions.
  1363 | D:1      | 1363 ||| DROPPING scroll of blinking.
  1364 | D:1      | 1364 ||| DROPPING potion of brilliance.
  1365 | D:1      | 1365 ||| DROPPING potion of ambrosia.
  1375 | D:2      | Found a white marble altar of Elyvilon.
  1485 | D:2      | 1485 ||| Stepping ~*~*~tactically~*~*~ (stealth).
  1492 | D:2      | Reached XP level 3. HP: 21/21 MP: 7/7
  1564 | D:2      | Reached skill level 4 in Axes
  1652 | D:2      | Noticed Robin
  1662 | D:2      | Killed Robin
  1663 | D:2      | HP: 2/21 [goblin/+0 club[Robin] (6)]
  1668 | D:2      | Shot with a sling bullet by a goblin

Levels and vault maps discovered:
D:1:      dpeg_arrival_houses_and_road, layout_loops_ring, minmay_curled_crystal
D:2:      layout_basic, basic_altar, dilly_guarded_unrand_morg, uniq_robin

Skill      XL: |  1  2  3 |
---------------+----------+-----
Axes           | 3 4 |  4.1
Armour         | 2 |  2.0
Fighting       | |  2.0
Throwing       | |  1.0
Dodging        | |  2.1
Spellcasting   | |  2.0
Translocations | |  2.4

Action                   || total
-------------------------++-------
Melee: Hand axe          ||    53
       Kick              ||     9
       Peck              ||     5
       Headbutt          ||     9
Throw: Boomerang         ||     7
  Use: Potion            ||     4
       Scroll            ||     3
Armor: Leather armour    ||     5
       Plate armour      ||    31
Dodge: Dodged            ||    15

Table legend:
 A = Non-vault XP
 B = Vault XP
 C = Vault XP percentage of total XP
 D = Non-vault monster count
 E = Vault monster count
 F = Vault count percentage of total count
                 A         B        C        D         E       F
            +---------+---------+-------+---------+---------+-------
      Total |      56 |      27 |  32.5 |      26 |       7 |  21.2
            +---------+---------+-------+---------+---------+-------
        D:1 |      28 |       0 |   0.0 |      16 |       0 |   0.0
        D:2 |      28 |      27 |  49.1 |      10 |       7 |  41.2
            +---------+---------+-------+---------+---------+-------
